 Dungeon Crawl Stone Soup version 0.21-a0-434-g806c6c2 (webtiles) character file.

39 theclanless the Charmwright (level 3, -4/18 HPs)
             Began as a Vine Stalker Skald on Nov 8, 2017.
             Slain by a worm (6 damage)
             ... on level 2 of the Dungeon.
             The game lasted 00:04:29 (926 turns).

theclanless the Charmwright (Vine Stalker Skald)     Turns: 926, Time: 00:04:30

Health: -4/18      AC:  3    Str: 11 (14) XL:     3   Next: 45%
Magic:  0/7        EV: 12    Int: 11 (13) God:
Gold:   82         SH:  0    Dex: 11 (13) Spells: 1/6 levels left

rFire    . . .     SeeInvis .   a - +0 falchion
rCold    . . .     Gourm    .   (no shield)
rNeg     . . .     Faith    .   b - +0 leather armour
rPois    .         Spirit   +   (no helmet)
rElec    .         Reflect  .   (no cloak)
rCorr    .         Harm     .   (no gloves)
MR       .....                  (no boots)
Stlth    +.........             (no amulet)
HPRegen  0.06/turn              (no ring)
MPRegen  0.10/turn              (no ring)

@: infused (expiring), very slightly contaminated
A: fangs 2, magic shield, antimagic bite, no potion heal 3, rot immunity
a: no special abilities


You were on level 2 of the Dungeon.
You were not hungry.

You visited 1 branch of the dungeon, and saw 2 of its levels.

You collected 82 gold pieces.

Inventory:

Hand Weapons
 a - a +0 falchion (weapon)
Armour
 b - a +0 leather armour (worn)
Potions
 e - a potion of brilliance
 i - a potion of ambrosia
Books
 c - a book of Battle

   Spells                             Type                      Level
   a - Infusion                       Charms                       1
   b - Shroud of Golubria             Charms/Translocation         2
   c - Song of Slaying                Charms                       2
   d - Spectral Weapon                Hexes/Charms                 3
   e - Regeneration                   Charms/Necromancy            3
Comestibles
 d - 2 bread rations
 f - a royal jelly
 g - 3 fruits


   Skills:
 + Level 2.0 Fighting
 * Level 2.2 Long Blades
 + Level 1.2 Armour
 * Level 2.1 Dodging
 + Level 2.3 Spellcasting
 + Level 3.1 Charms
 * Level 0.0 Translocations


You had one spell level left.
You knew the following spells:

 Your Spells              Type           Power        Failure   Level  Hunger
a - Infusion              Chrm           #...         10%         1    ##.....
d - Shroud of Golubria    Chrm/Tloc      #.........   28%         2    ###....
s - Song of Slaying       Chrm           #.......     16%         2    ###....


Dungeon Overview and Level Annotations

Branches:
Dungeon (2/15)

Altars:


Innate Abilities, Weirdness & Mutations

You have extremely sharp teeth.
When hurt, damage is shared between your health and your magic reserves.
Your bite disrupts and absorbs the magic of your enemies.
Potions cannot restore your health.
You are immune to rotting.


Message History

The worm is lightly wounded.
You barely miss the worm.
The worm is lightly wounded.
The worm bites you.
You hit the worm.
The worm is moderately wounded.
The worm bites you.
* * * LOW HITPOINT WARNING * * *
You hit the worm but do no damage. You bite the worm. You drain its power.
You feel invigorated.
The worm is moderately wounded.
The worm completely misses you.
You riposte.
You barely miss the worm.
The worm is moderately wounded.
You hit the worm.
The worm is severely wounded.
You hit the worm.
The worm is almost dead.
Your magical infusion is running out.
The worm bites you!
You die...

######## #......#
#......#####
#######..........######.
.....<....)รท............
########.####....#....
#..# ##..#..# ...##
#..@w## ..## #....## ##
#......# #.#...## #.#.#.#
# #.#.# ..#.# .###.#


You could see a worm.

Vanquished Creatures
  A dart slug (D:1)
  3 giant cockroaches
  7 goblins (D:1)
  5 hobgoblins
  3 jackals (D:1)
  A ball python (D:1)
  4 bats
  2 frilled lizards (D:1)
  3 kobolds (D:1)
  5 rats (D:1)
34 creatures vanquished.

Notes
Turn   | Place    | Note
-------+----------+-------------------------------------------
     0 | D:1      | theclanless the Vine Stalker Skald began the quest for the Orb.
     0 | D:1      | Reached XP level 1. HP: 11/11 MP: 4/4
    67 | D:1      | Reached XP level 2. HP: 11/15 MP: 0/6
   106 | D:1      | Learned a level 2 spell: Song of Slaying
   109 | D:1      | Learned a level 2 spell: Shroud of Golubria
   180 | D:1      | Reached skill level 1 in Armour
   255 | D:1      | Reached XP level 3. HP: 6/18 MP: 2/7
   926 | D:2      | Slain by a worm

Vault maps used:
D:1:      ncdulo_watergridlock, minmay_misc_feat_secret_circle,
          minmay_misc_feat_columns, minmay_hedge_maze, nrook_uturn,
          minmay_octomino_e4
D:2:      led_sif_pool, old_standard_altar, nemelex_xobeh_ov_fountains_minmay,
          chequers_ecumenical_altar_lobes

Skill      XL: |  1  2  3 |
---------------+----------+-----
Long Blades    | 2 |  2.2
Armour         | 1 |  1.2
Dodging        | 2 |  2.1
Fighting       | 2 |  2.0
Spellcasting   | |  2.3
Charms         | |  3.1

Action                   || total
-------------------------++-------
Melee: Falchion          ||   109
       Bite              ||    18
 Cast: Infusion          ||     4
       Shroud of Golubri ||     5
  Use: Scroll            ||     5
       Potion            ||     3
  Eat: Chunk             ||     1
Armor: Leather armour    ||    27
Dodge: Dodged            ||    64
       Rpst.: Falchion   ||    19

Table legend:
 A = Spawn XP
 B = Non-spawn XP
 C = Spawn XP percentage of total XP
 D = Spawn monster count
 E = Non-spawn monster count
 F = Spawn count percentage of total count
 G = Total turns spent on level
                    A         B        C        D         E        F      G
               +---------+---------+-------+---------+---------+-------+---------
         Total |       0 |      56 |   0.0 |       0 |      34 |   0.0 |   926
               +---------+---------+-------+---------+---------+-------+---------
           D:1 |       0 |      50 |   0.0 |       0 |      31 |   0.0 |   882
           D:2 |       0 |       6 |   0.0 |       0 |       3 |   0.0 |    44
               +---------+---------+-------+---------+---------+-------+---------
